 Dungeon Crawl Stone Soup version 0.30.1-11-g7821555f0a (webtiles) character file.

Game seed: 16101672373219237274

3649 Ijustatesigmund the Magician (level 10, -4/66 HPs)
             Began as a Gnoll Earth Elementalist on Nov 30, 2023.
             Was a Believer of Vehumet.
             Slain by a sky beast (5 damage)
             ... on level 8 of the Dungeon.
             The game lasted 00:19:00 (7637 turns).

Ijustatesigmund the Magician (GnEE)                 Turns: 7637, Time: 00:19:01

Health: -4/66      AC:  7    Str:  8    XL:     10   Next: 12%
Magic:  20/20      EV: 13    Int: 18    God:    Vehumet [**....]
Gold:   330        SH: 10    Dex: 13    Spells: 19/23 levels left

rFire   . . .        d - +4 war axe
rCold   . . .        h - +0 buckler
rNeg    . . .        a - +0 troll leather armour {Pargi}
rPois   .            (helmet restricted)
rElec   .            m - +0 cloak
rCorr   .            o - +0 pair of gloves
SInv    .            (no boots)
Will    .....        f - amulet of reflection
Stlth   +++          (no ring)
HPRegen 1.11/turn    (no ring)
MPRegen 0.17/turn

%: reflection
@: no status effects
A: fangs 1, strong nose, distributed training, horns 1, frail 1, inability to
read after injury 1, devolution 1
a: Renounce Religion


You were on level 8 of the Dungeon.
You worshipped Vehumet.
Vehumet was pleased with you.
You visited 2 branches of the dungeon, and saw 9 of its levels.
You also visited: Sewer.

You collected 330 gold pieces.

Inventory:

Hand Weapons
 d - a +4 war axe (weapon)
Missiles
 k - a throwing net
Armour
 a - a +0 troll leather armour (worn) {Pargi}
 h - a +0 buckler (worn)
 m - a +0 cloak (worn)
 o - a +0 pair of gloves (worn)
Jewellery
 f - an amulet of reflection (around neck)
Wands
 i - a wand of digging (4)
 l - a wand of iceblast (12)
 r - a wand of paralysis (9)
Scrolls
 p - a scroll of blinking
Potions
 b - a potion of magic
 c - a potion of haste {unknown}
 e - 2 potions of brilliance
 j - 3 potions of attraction
 n - a potion of curing
 q - a potion of invisibility


   Skills:
 + Level 5.1 Fighting
 + Level 5.1 Short Blades
 + Level 5.1 Long Blades
 + Level 5.1 Axes
 + Level 5.1 Maces & Flails
 + Level 5.1 Polearms
 + Level 5.1 Staves
 + Level 5.1 Ranged Weapons
 + Level 5.1 Throwing
 + Level 5.1 Armour
 + Level 7.0 Dodging
 + Level 6.7 Stealth
 + Level 5.1 Shields
 + Level 5.1 Unarmed Combat
 + Level 7.3 Spellcasting
 + Level 4.2 Conjurations
 + Level 4.2 Hexes
 + Level 4.2 Summonings
 + Level 4.2 Necromancy
 + Level 4.2 Translocations
 + Level 4.8 Transmutations
 + Level 4.2 Fire Magic
 + Level 4.2 Ice Magic
 + Level 4.2 Air Magic
 + Level 7.0 Earth Magic
 + Level 4.2 Poison Magic
 + Level 5.6 Invocations
 + Level 5.1 Evocations


You had 19 spell levels left.
You knew the following spells:

 Your Spells              Type           Power      Damage    Failure   Level
a - Sandblast             Erth           62%        2d14      1%          1
b - Stone Arrow           Conj/Erth      52%        3d10      6%          3

Your spell library contained the following spells:

 Spells                   Type           Power      Damage    Failure   Level
 Kiss of Death            Conj/Necr      84%        2d11      3%          1
 Passwall                 Tmut/Erth      22%        N/A       2%          2
 Apportation              Tloc           42%        N/A       3%          1
 Poisonous Vapours        Pois/Air       42%        N/A       5%          2
 Dazzling Flash           Conj/Hex       42%        N/A       11%         3
 Gell's Gravitas          Tloc           21%        N/A       11%         3
 Mephitic Cloud           Conj/Pois/Air  21%        N/A       11%         3
 Teleport Other           Tloc           21%        N/A       11%         3
 Volatile Blastmotes      Fire/Tloc      42%        2d13      11%         3
 Petrify                  Tmut/Erth      27%        N/A       19%         4
 Iskenderun's Mystic Bla  Conj/Tloc      21%        2d6       36%         4
 Alistair's Intoxication  Tmut/Pois      15%        N/A       67%         5
 Freezing Cloud           Conj/Ice/Air   10%        6-21      71%         5
 Dispersal                Tloc           10%        N/A       99%         6
 Starburst                Conj/Fire      10%        6d5       99%         6


Dungeon Overview and Level Annotations

Branches:
Dungeon (8/15)             Temple (1/1) D:4           Sewer (visited)
   Lair: D:8-11

Altars:
Ashenzari
Cheibriados
Dithmenos
Elyvilon
Fedhas
Gozag
Hepliaklqana
Makhleb
Okawaru
Qazlal
Ru
Sif Muna
Trog
Vehumet
Wu Jian
Xom
Yredelemnul
Zin
The Shining One

Annotations:
D:4 exclusion: statue
D:6 1 runed translucent door, bimbombam's ghost, novice DsGl


Innate Abilities, Weirdness & Mutations

You have very sharp teeth.
Your uncanny sense of smell can sniff out nearby items.
Your experience applies equally to all skills.
You have a pair of small horns on your head.
You are frail. (-10% HP)
You occasionally lose the ability to read scrolls when taking damage.
You have hidden genetic defects.


Message History

You completely miss the killer bee. You headbutt the killer bee.
The killer bee is heavily wounded.
You feel sick.
You are no longer poisoned.
The killer bee closely misses you. The killer bee stings you.
You are poisoned.
The killer bee poisons you! You block the killer bee's attack.
You miss the killer bee. You headbutt the killer bee.
The killer bee is severely wounded.
You feel sick. The killer bee stings you.
You are more poisoned.
The killer bee poisons you! The killer bee stings you.
You slash the killer bee!
You kill the killer bee!
Vehumet accepts your kill.
You feel very sick.
You closely miss something.
You feel very sick. You block something's attack.
Something hits you but does no damage.
You miss something. Your headbutt misses something.
You feel sick. Something hits you but does no damage.
You hit something but do no damage. You bite something.
You feel sick. You block something's attack.
You miss something. Your bite misses something.
You feel sick. Something hits you.
* * * LOW HITPOINT WARNING * * *
Something shocks you.
* * * LOW HITPOINT WARNING * * *
Something hits you but does no damage.
You miss something. Your headbutt misses something.
You feel sick. Something hits you.
* * * LOW HITPOINT WARNING * * *
Something shocks you.
* * * LOW HITPOINT WARNING * * *
You slash something!
You feel sick.
You are no longer poisoned.
Something hits you.
* * * LOW HITPOINT WARNING * * *
Something shocks you.
You die...

##...####.........†..<#
#.........##########..#
#....####### #..#
#.#>.......# #.y# #
########.# #..# #.#
#... #.# #y##.
#.####### #y# .
#...@†..# #######.#
#.............
#.#.#.#.#.#.#. .. ..
..∆.. #. .⌠. ... ... #.
.... _... .. # ...⌠.
...⌠. . ...... ......


There were no monsters in sight!

Vanquished Creatures
  Prince Ribbit (D:7)
  Eustachio (D:6)
  A steam dragon (D:6)
  Menkaure (D:6)
  Duvessa (D:5)
  Pargi (Sewer)
  2 black bears
  2 orc warriors
  An ice beast (D:7)
  An ogre (D:5)
  2 centaurs
  A phantom (D:5)
  Blork the orc (D:6)
  A kobold brigand (D:7)
  2 bullfrogs
  5 scorpions
  4 wights (D:6)
  Dowan (D:5)
  13 killer bees
  3 hounds (D:6)
  2 jellies
  4 orc priests
  Ijyb (D:5)
  A sleepcap (D:6)
  3 orc wizards
  7 gnolls
  10 adders
  2 shadow imps
  A white imp (D:4)
  2 ufetubi
  3 worms
  2 dart slugs
  26 orcs
  7 ball pythons
  10 endoplasms
  5 giant cockroaches
  5 goblins
  3 hobgoblins
  5 jackals (D:2)
  A quokka (D:2)
  A bat (D:1)
  2 frilled lizards
  3 goblin skeletons (D:4)
  2 hobgoblin zombies (D:4)
  9 kobolds
  2 kobold skeletons (D:4)
  2 kobold zombies (D:4)
  2 orc skeletons (D:4)
  An orc zombie (D:4)
  5 rats
174 creatures vanquished.

Notes
Turn   | Place    | Note
-------+----------+-------------------------------------------
     0 | D:1      | Ijustatesigmund the Gnoll Earth Elementalist began the
                  | quest for the Orb.
     0 | D:1      | Reached XP level 1. HP: 13/13 MP: 6/6
   500 | D:1      | Reached XP level 2. HP: 19/19 MP: 4/7
   992 | D:2      | Found a faded altar of an unknown god.
  1029 | D:2      | Reached skill level 5 in Spellcasting
  1029 | D:2      | Reached XP level 3. HP: 22/25 MP: 2/9
  1033 | D:2      | Learned a level 3 spell: Stone Arrow
  1300 | D:2      | Identified the +5 whip of the Nights {freeze, *Corrode rN++
                  | Str+4}
  1597 | D:2      | Reached skill level 1 in Invocations
  1736 | D:3      | Found a glowing drain.
  1761 | D:3      | Reached skill level 1 in Fighting
  1761 | D:3      | Reached skill level 1 in Short Blades
  1761 | D:3      | Reached skill level 1 in Long Blades
  1761 | D:3      | Reached skill level 1 in Axes
  1761 | D:3      | Reached skill level 1 in Maces & Flails
  1761 | D:3      | Reached skill level 1 in Polearms
  1761 | D:3      | Reached skill level 1 in Staves
  1761 | D:3      | Reached skill level 1 in Ranged Weapons
  1761 | D:3      | Reached skill level 1 in Throwing
  1761 | D:3      | Reached skill level 1 in Armour
  1761 | D:3      | Reached skill level 1 in Shields
  1761 | D:3      | Reached skill level 1 in Unarmed Combat
  1761 | D:3      | Reached skill level 1 in Evocations
  1784 | Sewer    | Entered a sewer
  1817 | Sewer    | Reached XP level 4. HP: 32/32 MP: 8/11
  1952 | Sewer    | Noticed Pargi
  1959 | Sewer    | Killed Pargi
  1960 | Sewer    | Reached skill level 1 in Conjurations
  1960 | Sewer    | Reached skill level 1 in Hexes
  1960 | Sewer    | Reached skill level 1 in Summonings
  1960 | Sewer    | Reached skill level 1 in Necromancy
  1960 | Sewer    | Reached skill level 1 in Translocations
  1960 | Sewer    | Reached skill level 1 in Fire Magic
  1960 | Sewer    | Reached skill level 1 in Ice Magic
  1960 | Sewer    | Reached skill level 1 in Air Magic
  1960 | Sewer    | Reached skill level 1 in Poison Magic
  1960 | Sewer    | Reached XP level 5. HP: 7/37 MP: 3/12
  2736 | D:3      | Found a broken altar of Ashenzari.
  2921 | D:4      | Reached XP level 6. HP: 35/44 MP: 7/13
  3012 | D:5      | Entered Level 5 of the Dungeon
  3012 | D:5      | Noticed Duvessa
  3012 | D:5      | Found a shimmering altar of Xom.
  3030 | D:5      | Noticed Dowan
  3421 | D:4      | Found a staircase to the Ecumenical Temple.
  3428 | Temple   | Entered the Ecumenical Temple
  3518 | D:4      | Reached skill level 5 in Dodging
  3980 | D:4      | Found a glowing golden altar of the Shining One.
  3983 | D:4      | Reached XP level 7. HP: 50/50 MP: 13/15
  4312 | D:4      | Found a radiant altar of Vehumet.
  4332 | D:4      | Became a worshipper of Vehumet
  4898 | D:5      | Reached skill level 5 in Stealth
  4990 | D:5      | Gained mutation: Potions are less effective at restoring
                  | your health. [potion of mutation]
  4990 | D:5      | Gained mutation: You have a pair of small horns on your
                  | head. [potion of mutation]
  4999 | D:5      | Killed Duvessa
  5000 | D:5      | Reached XP level 8. HP: 16/58 MP: 9/16
  5168 | D:5      | Noticed Ijyb
  5174 | D:5      | Killed Ijyb
  5194 | D:5      | Killed Dowan
  5564 | D:6      | Found a runed translucent door.
  5566 | D:6      | Noticed bimbombam's ghost (novice DsGl)
  5616 | D:6      | Reached * piety under Vehumet
  5616 | D:6      | Offered knowledge of Foxfire by Vehumet.
  5736 | D:6      | Noticed Blork the orc
  5761 | D:6      | Killed Blork the orc
  5990 | D:6      | Reached XP level 9. HP: 63/65 MP: 11/18
  6058 | D:6      | Noticed Eustachio
  6063 | D:6      | Killed Eustachio
  6065 | D:6      | Lost mutation: Potions are less effective at restoring your
                  | health. [potion of mutation]
  6065 | D:6      | Lost mutation: You have a pair of small horns on your head.
                  | [potion of mutation]
  6065 | D:6      | Gained mutation: You occasionally shout uncontrollably at
                  | your foes. [potion of mutation]
  6065 | D:6      | Gained mutation: You are vulnerable to cold. (rC-) [potion
                  | of mutation]
  6065 | D:6      | Gained mutation: You have a pair of small horns on your
                  | head. [potion of mutation]
  6066 | D:6      | Lost mutation: You occasionally shout uncontrollably at
                  | your foes. [potion of mutation]
  6066 | D:6      | Lost mutation: You are vulnerable to cold. (rC-) [potion of
                  | mutation]
  6066 | D:6      | Lost mutation: You have a pair of small horns on your head.
                  | [potion of mutation]
  6066 | D:6      | Gained mutation: You have hidden genetic defects. [potion
                  | of mutation]
  6066 | D:6      | Gained mutation: You have a pair of small horns on your
                  | head. [potion of mutation]
  6098 | D:6      | Noticed Menkaure
  6105 | D:6      | Killed Menkaure
  6525 | D:7      | Gained mutation: You are frail. (-10% HP) [hidden defects]
  6544 | D:6      | Reached skill level 5 in Invocations
  6592 | D:7      | Offered knowledge of Kiss of Death by Vehumet.
  6855 | D:7      | Noticed Prince Ribbit
  6858 | D:7      | Killed Prince Ribbit
  6874 | D:7      | Gained mutation: You have terrible hidden genetic defects.
                  | [hidden defects]
  6874 | D:7      | Lost mutation: You have terrible hidden genetic defects.
                  | [hidden defects expressed]
  6883 | D:7      | Reached ** piety under Vehumet
  7333 | D:7      | Found a stormy altar of Qazlal.
  7339 | D:7      | Reached skill level 5 in Fighting
  7339 | D:7      | Reached skill level 5 in Short Blades
  7339 | D:7      | Reached skill level 5 in Long Blades
  7339 | D:7      | Reached skill level 5 in Axes
  7339 | D:7      | Reached skill level 5 in Maces & Flails
  7339 | D:7      | Reached skill level 5 in Polearms
  7339 | D:7      | Reached skill level 5 in Staves
  7339 | D:7      | Reached skill level 5 in Ranged Weapons
  7339 | D:7      | Reached skill level 5 in Throwing
  7339 | D:7      | Reached skill level 5 in Armour
  7339 | D:7      | Reached skill level 5 in Shields
  7339 | D:7      | Reached skill level 5 in Unarmed Combat
  7339 | D:7      | Reached skill level 5 in Evocations
  7339 | D:7      | Reached XP level 10. HP: 66/66 MP: 18/20
  7350 | D:7      | Gained mutation: You occasionally lose the ability to read
                  | scrolls when taking damage. [hidden defects]
  7613 | D:8      | Found a white marble altar of Elyvilon.
  7636 | D:8      | HP: 3/66 [something (6)]
  7637 | D:8      | HP: 1/66 [something (1)]
  7637 | D:8      | Slain by a sky beast

Illustrated notes

Levels and vault maps discovered:
D:1:      sevenhm_arrival_forest_fort_large_2, layout_basic
D:2:      layout_loops_cross, hellmonk_ecumenical_altar_blasted,
          minmay_box_of_dots
D:3:      layout_loops_ring, mainiacjoe_overflow_six_doors_small,
          gup_sewer_entry_glass, minmay_misc_feat_five
D:4:      layout_layer_cave, vehumet_statue, nicolae_tso_besieged_by_evil,
          minmay_temple_entry_glassed_door
D:5:      layout_loops_ring, lemuel_round_altar, serial_glass, glass_columns_b,
          glass_columns_b, uniq_duvessa, uniq_ijyb
D:6:      layout_rooms, ebering_ghost_sewer_d, minivault_24,
          lightli_orcish_oven, uniq_eustachio, uniq_menkaure, uniq_blork_the_orc
D:7:      layout_basic, lemuel_tele_altar, uniq_prince_ribbit1
D:8:      layout_loops_ring, elyvilon_altar_5, minmay_lair_entry_grove,
          serial_shops, nicolae_shop_behind_doors, enter_bailey_1
Temple:   nicolae_temple_god_jail

Skill      XL: |  1  2  3  4  5  6  7  8  9 10 |
---------------+-------------------------------+-----
Transmutations | 2 3 4 |  4.8
Spellcasting   | 5 6 7 |  7.3
Invocations    | 1 2 3 4 5 |  5.6
Fighting       | 1 2 3 5 |  5.1
Short Blades   | 1 2 3 5 |  5.1
Long Blades    | 1 2 3 5 |  5.1
Axes           | 1 2 3 5 |  5.1
Maces & Flails | 1 2 3 5 |  5.1
Polearms       | 1 2 3 5 |  5.1
Staves         | 1 2 3 5 |  5.1
Ranged Weapons | 1 2 3 5 |  5.1
Throwing       | 1 2 3 5 |  5.1
Armour         | 1 2 3 5 |  5.1
Shields        | 1 2 3 5 |  5.1
Unarmed Combat | 1 2 3 5 |  5.1
Evocations     | 1 2 3 5 |  5.1
Conjurations   | 1 2 3 4 |  4.2
Hexes          | 1 2 3 4 |  4.2
Summonings     | 1 2 3 4 |  4.2
Necromancy     | 1 2 3 4 |  4.2
Translocations | 1 2 3 4 |  4.2
Fire Magic     | 1 2 3 4 |  4.2
Ice Magic      | 1 2 3 4 |  4.2
Air Magic      | 1 2 3 4 |  4.2
Poison Magic   | 1 2 3 4 |  4.2
Dodging        | 5 6 7 |  7.0
Stealth        | 5 6 |  6.7
Earth Magic    | 6 7 |  7.0

Action                     |  1- 3 |  4- 6 |  7- 9 | 10-12 || total
---------------------------+-------+-------+-------+-------++-------
  Melee: Whip              |    18 |    53 |    28 |       ||    99
         Bite              |     1 |     6 |     9 |     4 ||    20
         Headbutt          |       |       |    16 |     6 ||    22
         War axe           |       |       |    62 |    37 ||    99
   Cast: Sandblast         |    39 |    63 |   146 |    17 ||   265
         Stone Arrow       |       |     2 |     8 |       ||    10
    Use: Scroll            |     3 |     3 |     5 |     3 ||    14
         Potion            |       |       |     8 |     1 ||     9
   Stab: Sleeping          |       |     3 |       |       ||     3
         Distracted        |       |       |       |     1 ||     1
 Armour: Robe              |     6 |     2 |       |       ||     8
         Troll leather arm |       |    19 |    55 |    10 ||    84
  Dodge: Dodged            |    18 |    42 |   116 |    25 ||   201
  Block: Buckler           |     2 |    12 |    53 |    34 ||   101
